Map: Nightshade LE

Players

Reynor - Winner!

  • Race: Zerg Zerg
  • Spawn Location: 5:00

soO

  • Race: Zerg Zerg
  • Spawn Location: 11:00

VOD

Have the link to the VOD?

Description

Time

  • Played on: Jan. 7, 2020, 8:01 p.m.
  • Length: 14:19
Show
View Real Time Build Order
Export as new Build Order

Reynor Zerg - Winner!

Build Orders: Pool First 

Get SALT Encoding   

  12  0:00  Drone  
  13  0:12  Overlord  
  13  0:16  Drone  
  14  0:30  Drone  
  14  0:31  Drone  
  16  0:40  Spawning Pool  
  15  0:44  Drone  
  15  0:47  Drone  
  17  1:09  Hatchery  
  16  1:12  Drone  
  17  1:26  Zergling x4  
  17  1:28  Zergling x2  
  17  1:30  Queen  
  22  1:34  Extractor  
  22  1:38  Overlord  
  21  1:49  Drone  
  22  2:00  Drone  
  23  2:05  Queen  
  25  2:11  Drone  
  26  2:22  Drone x2  
  28  2:32  Drone  
  28  2:33  Drone  
  30  2:40  Drone x3  
  30  2:43  Overlord  
  32  2:46  Drone  
  32  2:49  Queen  
  35  2:53  Drone  
  36  2:59  Overlord  
  36  3:02  Lair  
  36  3:05  Drone  
  37  3:07  Drone  
  38  3:15  Drone  
  39  3:22  Evolution Chamber  
  39  3:24  Drone x3  
  39  3:25  Drone x3  
  44  3:33  Roach Warren  
  43  3:40  Drone x3  
  46  3:41  Extractor  
  46  3:43  Extractor, Evolution Chamber  
  46  3:47  Overlord  
  43  3:50  Zerg Missile Weapons Level 1  
  43  3:55  Evolution Chamber  
  43  3:57  Drone  
  43  3:58  Drone x3  
  43  3:59  Drone  
  43  4:01  Overseer  
  48  4:03  Overseer  
  48  4:05  Drone  
  48  4:07  Drone  
  50  4:10  Drone  
  50  4:11  Drone  
  52  4:17  Overlord  
  52  4:19  Drone  
  52  4:20  Extractor  
  52  4:21  Glial Reconstitution  
  52  4:26  Drone x2  
  52  4:29  Drone  
  55  4:32  Roach  
  55  4:33  Roach  
  59  4:42  Roach x2  
  59  4:43  Roach  
  59  4:45  Overlord  
  65  4:49  Overlord  
  65  5:06  Hatchery  
  64  5:08  Roach x4  
  64  5:09  Roach  
  74  5:17  Overlord  
  74  5:22  Roach x2  
  74  5:25  Drone x3  
  81  5:29  Overlord  
  81  5:30  Roach  
  81  5:31  Overlord  
  81  5:35  Overlord  
  83  5:39  Zerg Ground Armor Level 1  
  83  5:43  Roach  
  83  5:44  Roach  
  83  5:48  Drone  
  88  5:54  Overlord  
  88  6:02  Queen  
  88  6:04  Drone x2  
  90  6:12  Roach x6  
  102  6:21  Roach x2  
  102  6:24  Overlord  
  106  6:26  Zerg Missile Weapons Level 2  
  106  6:28  Roach x3  
  106  6:30  Ravager  
  106  6:31  Ravager  
  114  6:33  Roach x2  
  114  6:38  Roach x2  
  114  6:39  Overlord  
  122  6:45  Roach x3  
  122  6:49  Roach  
  122  6:52  Roach  
  110  6:54  Roach x2  
  110  6:56  Roach  
  110  6:59  Roach  
  110  7:00  Roach  
  108  7:02  Roach  
  108  7:05  Roach  
  108  7:07  Roach  
  100  7:09  Roach  
  100  7:11  Roach  
  100  7:12  Roach  
  98  7:16  Roach  
  98  7:18  Roach  
  98  7:22  Roach  
  104  7:25  Roach  
  104  7:27  Queen  
  104  7:29  Roach  
  110  7:30  Ravager, Queen  
  110  7:33  Roach  
  119  7:37  Roach x2  
  119  7:39  Ravager  
  119  7:40  Roach  
  119  7:43  Roach  
  124  7:46  Overlord  
  124  7:48  Roach  
  124  7:49  Roach  
  128  7:56  Roach x3  
  128  8:05  Roach x2  
  120  8:06  Roach  
  108  8:18  Roach x3  
  95  8:21  Roach x3  
  95  8:26  Roach  
  103  8:27  Ravager  
  103  8:28  Roach  
  103  8:32  Ravager  
  107  8:34  Roach  
  107  8:37  Roach  
  107  8:38  Roach  
  107  8:40  Ravager  
  114  8:42  Extractor, Roach  
  114  8:48  Roach x4  
  123  8:51  Roach x2  
  127  8:56  Drone x2  
  129  9:06  Drone x4, Overlord  
  129  9:09  Roach  
  135  9:10  Extractor  
  135  9:12  Pneumatized Carapace  
  135  9:15  Overlord  
  135  9:16  Roach  
  136  9:18  Roach  
  136  9:23  Overlord  
  138  9:25  Drone  
  138  9:27  Roach  
  138  9:31  Roach x2  
  145  9:32  Drone  
  146  9:39  Tunneling Claws  
  146  9:40  Burrow  
  146  9:41  Drone x3  
  149  9:53  Roach x3  
  149  9:55  Drone x2  
  149  9:57  Ravager x2  
  149  9:59  Roach  
  161  10:00  Overlord x2  
  159  10:20  Roach x9  
  167  10:27  Roach  
  167  10:28  Roach x2  
  173  10:40  Overlord  
  174  10:43  Roach x2, Ravager  
  174  10:48  Overlord  
  178  10:57  Hatchery  
  177  11:01  Overlord  
  177  11:07  Roach  
  177  11:08  Roach x3  
  177  11:10  Overlord  
  185  11:13  Overlord  
  185  11:15  Ravager  
  186  11:20  Roach x34  
  186  11:21  Roach  
  186  11:22  Roach x3  
  186  11:23  Overlord  
  194  11:32  Roach Warren  
  186  11:42  Roach x11  
  101  12:07  Roach x11  
  92  12:12  Roach x18  
  120  12:16  Roach x2  
  119  12:23  Roach x5  
  119  12:24  Queen  
  119  12:26  Drone x14  
  119  12:29  Roach  
  128  12:35  Roach x3  
  132  12:37  Ravager  
  132  12:38  Ravager x2  
  132  12:39  Roach  
  132  12:42  Roach  
  129  12:46  Roach x2  
  129  12:48  Roach  
  122  12:55  Roach  
  122  12:56  Ravager x3  
  122  12:58  Roach x2  
  128  13:04  Roach x2  
  129  13:07  Roach  
  129  13:09  Roach Warren  
  129  13:10  Roach x13  
  127  13:13  Roach x3  
  127  13:14  Roach  
  127  13:50  Roach x11  
  127  13:52  Roach x2  
  149  13:56  Roach  
  107  14:16  Ravager  
  105  14:17  Ravager  
Show
View Real Time Build Order
Export as new Build Order

soO Zerg 

Build Orders: Hatch First 

Get SALT Encoding   

  12  0:00  Drone  
  13  0:12  Overlord  
  13  0:17  Drone  
  14  0:31  Drone x2  
  16  0:47  Hatchery  
  15  0:51  Drone  
  15  0:54  Drone  
  17  0:58  Drone  
  18  1:08  Extractor  
  17  1:13  Spawning Pool  
  17  1:16  Drone  
  17  1:19  Drone  
  18  1:29  Drone  
  19  1:39  Drone  
  20  1:51  Overlord  
  20  1:59  Queen x2  
  20  2:00  Drone x2  
  26  2:10  Zergling x2  
  26  2:12  Zergling x2, Metabolic Boost  
  28  2:21  Drone  
  29  2:23  Zergling x2  
  30  2:34  Baneling Nest  
  30  2:36  Drone x2  
  31  2:42  Queen  
  32  2:48  Overlord  
  32  2:49  Zergling x2  
  33  2:55  Drone x2  
  35  3:08  Drone x2  
  35  3:11  Drone  
  35  3:12  Drone  
  39  3:14  Drone  
  39  3:15  Drone  
  39  3:16  Drone  
  42  3:26  Hatchery  
  41  3:28  Drone  
  41  3:31  Overlord  
  42  3:35  Drone  
  42  3:41  Evolution Chamber  
  42  3:44  Drone  
  42  3:46  Overlord  
  43  3:51  Drone x3  
  43  3:52  Drone x2  
  48  3:56  Drone  
  48  4:00  Roach Warren  
  48  4:01  Drone  
  49  4:03  Zergling x2  
  49  4:07  Drone  
  51  4:15  Drone x2  
  51  4:16  Extractor  
  51  4:17  Extractor  
  51  4:18  Drone  
  51  4:19  Drone  
  51  4:20  Lair  
  51  4:23  Drone x2  
  55  4:25  Drone  
  55  4:27  Drone  
  55  4:30  Overlord  
  57  4:33  Overlord  
  57  4:37  Drone  
  58  4:41  Zerg Missile Weapons Level 1, Overlord  
  58  4:43  Drone x2  
  60  4:48  Roach x3  
  60  4:50  Roach  
  68  4:54  Overlord  
  68  4:55  Roach  
  68  4:59  Extractor  
  69  5:01  Drone  
  69  5:02  Roach x2  
  69  5:04  Roach  
  76  5:07  Roach  
  76  5:14  Drone x2  
  80  5:16  Roach x3  
  80  5:17  Roach  
  80  5:20  Glial Reconstitution  
  88  5:23  Drone  
  88  5:24  Overlord  
  88  5:25  Roach  
  91  5:28  Overseer  
  91  5:31  Roach x2  
  91  5:34  Overlord  
  91  5:35  Overlord  
  95  5:38  Roach  
  97  5:43  Roach x2  
  97  5:46  Roach x2  
  105  5:52  Overlord  
  105  5:53  Roach x2  
  105  5:56  Roach x2  
  112  6:04  Overlord  
  112  6:06  Overlord  
  112  6:08  Roach x4  
  120  6:15  Roach x4  
  127  6:18  Overlord  
  127  6:27  Roach x4  
  134  6:33  Overlord  
  134  6:38  Roach  
  134  6:39  Roach x4  
  144  6:43  Roach x2  
  144  6:44  Roach  
  148  6:47  Roach  
  148  6:49  Roach  
  148  6:51  Roach  
  148  6:53  Roach  
  139  6:55  Roach  
  139  6:57  Roach  
  131  7:07  Roach x2  
  121  7:14  Roach  
  121  7:15  Roach  
  115  7:17  Roach x2  
  115  7:18  Roach  
  119  7:23  Roach  
  119  7:27  Roach x6  
  133  7:32  Ravager  
  133  7:33  Overlord  
  133  7:34  Roach x2  
  138  7:41  Extractor  
  138  7:43  Ravager  
  138  7:45  Roach x2  
  138  7:46  Drone  
  143  7:53  Drone x3  
  143  7:54  Overlord  
  143  7:57  Roach  
  142  7:59  Roach  
  142  8:02  Roach  
  142  8:03  Roach  
  142  8:04  Roach  
  142  8:05  Roach x3  
  144  8:07  Roach  
  130  8:13  Roach  
  130  8:17  Roach x2  
  118  8:20  Drone  
  118  8:22  Roach x2  
  118  8:25  Overlord  
  118  8:26  Overlord  
  121  8:28  Overlord  
  121  8:32  Overlord  
  121  8:34  Extractor  
  121  8:39  Overseer  
  120  8:41  Drone x2  
  120  8:42  Drone x2  
  120  8:46  Roach x2  
  128  8:50  Roach x2  
  128  8:54  Zerg Missile Weapons Level 2  
  128  8:55  Roach x3  
  138  8:56  Roach  
  138  8:59  Overlord  
  138  9:00  Overseer  
  140  9:12  Ravager  
  140  9:13  Roach x5  
  151  9:18  Ravager  
  151  9:22  Hatchery, Roach x3  
  157  9:27  Roach x2  
  161  9:31  Roach  
  161  9:32  Roach x2  
  167  9:39  Roach x5  
  167  9:40  Overseer  
  177  9:46  Roach x4  
  177  9:49  Ravager  
  186  9:53  Roach x2  
  186  9:54  Roach  
  192  10:03  Hatchery  
  191  10:07  Ravager x2  
  189  10:20  Ravager  
  189  10:21  Ravager  
  177  10:22  Ravager  
  177  10:23  Roach  
  177  10:24  Roach x6  
  192  10:29  Ravager  
  192  10:35  Overlord  
  193  10:36  Overlord  
  193  10:37  Drone  
  194  10:42  Overlord  
  194  10:55  Ravager  
  194  10:56  Roach x2  
  200  10:57  Ravager  
  200  11:21  Roach  
  200  11:22  Roach  
  197  11:26  Roach x2  
  197  11:29  Roach x4  
  197  11:31  Roach x4  
  198  11:33  Roach  
  198  11:36  Overseer  
  194  11:41  Roach  
  194  11:42  Roach  
  194  11:44  Roach  
  194  11:45  Roach  
  194  11:46  Roach x5  
  153  11:47  Roach  
  153  11:48  Roach  
  153  11:49  Roach  
  153  11:50  Roach  
  153  11:51  Roach  
  153  11:53  Roach  
  130  11:55  Roach x2  
  130  11:56  Roach x3  
  130  11:57  Roach  
  130  11:58  Roach  
  130  11:59  Roach  
  128  12:04  Roach  
  128  12:06  Roach  
  119  12:12  Roach  
  119  12:15  Roach  
  117  12:16  Roach  
  117  12:20  Overseer  
  113  12:23  Roach  
  113  12:27  Roach  
  117  12:30  Roach  
  117  12:34  Roach  
  117  12:37  Roach  
  121  12:39  Roach  
  121  12:44  Roach  
  123  12:48  Roach  
  117  12:53  Roach x2  
  121  12:58  Roach  
  121  13:00  Roach  
  121  13:03  Roach  
  123  13:10  Roach  
  123  13:12  Roach  
  121  13:15  Roach  
  121  13:19  Roach  
  125  13:26  Ravager x3  
  128  13:27  Ravager  
  128  13:28  Roach  
  128  13:32  Roach  
  133  13:38  Roach  
  135  13:42  Roach  
  135  13:47  Roach  
  138  13:49  Roach  
  138  13:54  Roach  
  133  13:57  Roach  
Tags
 
Add a new tag
Caveats
  • Supply blocks, unpowered buildings, or Contaminate may cause inaccurate times.
  • Supply counts are checked every 10 seconds.